 Dungeon Crawl Stone Soup version 0.30-a0-135-g630cfc4551 (webtiles) character file.

Game seed: 17513636411145284682

14556 IdlyInterested the Carver (level 11, -1/86 HPs)
             Began as a Demonspawn Wanderer on Sept 20, 2022.
             Slain by a gargoyle
             ... wielding a +3 mace
              (15 damage)
             ... in a volcano.
             The game lasted 00:37:23 (9384 turns).

IdlyInterested the Carver (Demonspawn Wanderer)     Turns: 9384, Time: 00:37:23

Health: -1/86      AC: 22    Str: 15    XL:     11   Next: 90%
Magic:  12/12      EV: 17    Int: 16    God:
Gold:   343        SH: 14    Dex: 15    Spells: 12/12 levels left

rFire   + . .      SeeInvis +    h - +8 long sword "Wikoekki" {protect, rPois rC+ Str-3 Int+4}
rCold   + + .      Faith    .    D - +0 kite shield of Action {rPois rC+ SInv}
rNeg    . . .      Spirit   .    N - +0 ring mail {rF+}
rPois   +          Reflect  .    (helmet restricted)
rElec   .          Harm     .    d - +1 cloak
rCorr   .          Rampage  .    y - +2 pair of gloves
Will    .....                    j - +2 pair of boots
Stlth   +.........               m - amulet of magic regeneration
HPRegen 0.24/turn                t - +4 ring of evasion
MPRegen 0.53/turn                I - +4 ring of evasion

@: under a protective aura
A: horns 2, spiny 2, big brain 1, condensation shield
a: no special abilities


You were in a volcano.
You visited 3 branches of the dungeon, and saw 11 of its levels.
You also visited: Volcano.

You collected 984 gold pieces.
You spent 641 gold pieces at shops.

Inventory:

Hand Weapons
 a - the +2 mace "Syeloo" {vamp, rN+}
   (You found it on level 7 of the Dungeon)

   It occasionally heals its wielder for a portion of the damage dealt when it
   wounds a living foe.
   rN:        It protects you from negative energy.
 c - a +2 scimitar of flaming
 h - the +8 long sword "Wikoekki" (weapon) {protect, rPois rC+ Str-3 Int+4}
   (You found it on level 3 of the Dungeon)

   It grants its wielder temporary protection when it strikes (+7 to AC).
   Str:       It affects your strength (-3).
   Int:       It affects your intelligence (+4).
   rC:        It protects you from cold.
   rPois:     It protects you from poison.
 v - a +0 quick blade of flaming
 O - the +6 rapier "Lont" {vorpal, Will+ Str+2}
   (You found it on level 8 of the Dungeon)

   It inflicts extra damage upon your enemies.
   Str:       It affects your strength (+2).
   Will:      It increases your willpower.
Missiles
 e - 6 atropa-tipped darts
 f - 5 boomerangs (quivered)
 p - 34 poisoned darts
 M - a curare-tipped dart
Armour
 d - a +1 cloak (worn)
 j - a +2 pair of boots (worn)
 n - a +2 buckler
 r - the +3 scale mail of a bazaar {rPois Int+4}
   (You found it on level 2 of the Dungeon)

   Int:       It affects your intelligence (+4).
   rPois:     It protects you from poison.
 y - a +2 pair of gloves (worn)
 D - the +0 kite shield of Action (worn) {rPois rC+ SInv}
   (You found it on level 4 of the Dungeon)

   rC:        It protects you from cold.
   rPois:     It protects you from poison.
   SInv:      It lets you see invisible.
 N - a +0 ring mail of fire resistance (worn)
Jewellery
 m - an amulet of magic regeneration (around neck)
 o - a ring of flight
 t - a +4 ring of evasion (left hand)
 I - a +4 ring of evasion (right hand)
Wands
 u - a wand of charming (12)
 F - a wand of digging (4)
 K - a wand of mindburst (18)
 Q - a wand of quicksilver (10)
 S - a wand of roots (8)
Scrolls
 b - 4 scrolls of blinking
 k - 2 scrolls of fog
 l - 8 scrolls of teleportation
 q - 2 scrolls of identify
 G - 2 scrolls of fear
 L - 4 scrolls of enchant weapon
Potions
 g - a potion of lignification
 i - 3 potions of brilliance
 s - 4 potions of flight
 w - a potion of magic
 x - 2 potions of invisibility
 z - a potion of berserk rage
 A - 2 potions of ambrosia
 B - a potion of mutation
 C - 5 potions of curing
 E - 4 potions of attraction
 H - a potion of cancellation


   Skills:
 - Level 8.0 Fighting
 + Level 11.7 Long Blades
 - Level 5.0 Axes
 - Level 1.0 Throwing
 - Level 8.0 Armour
 - Level 2.0 Dodging
 - Level 1.0 Stealth
 + Level 6.2 Shields
 - Level 1.7 Unarmed Combat
 - Level 1.0 Spellcasting
 - Level 2.0 Evocations


You had 12 spell levels left.
You didn't know any spells.
Your spell library contained the following spells:

 Spells                   Type           Power      Damage    Failure   Level
 Apportation              Tloc           0%         N/A       73%         1
 Necrotise                Necr           0%         1d4       73%         1
 Sting                    Tmut/Pois      0%         1d3       73%         1
 Summon Small Mammal      Summ           0%         N/A       73%         1
 Blink                    Tloc           0%         N/A       86%         2
 Poisonous Vapours        Pois/Air       0%         N/A       86%         2
 Scorch                   Fire           0%         2d5       86%         2
 Flame Wave               Conj/Fire      0%         2d4       100%        4
 Hailstorm                Conj/Ice       0%         3d3       100%        4
 Ice Form                 Ice/Tmut       0%         N/A       100%        4
 Manifold Assault         Tloc           0%         N/A       100%        4
 Olgreb's Toxic Radiance  Pois           0%         N/A       100%        4
 Simulacrum               Ice/Necr       0%         N/A       100%        6
 Summon Cactus Giant      Summ           0%         N/A       100%        6
 Storm Form               Tmut/Air       0%         N/A       100%        7


Dungeon Overview and Level Annotations

Branches:
Dungeon (9/15)             Temple (1/1) D:4            Lair (1/5) D:9
Volcano (1/1)
    Orc: D:9-12

Altars:
Ashenzari
Cheibriados
Dithmenos
Fedhas
Gozag
Hepliaklqana
Kikubaaqudgha
Makhleb
Nemelex Xobeh
Okawaru
Qazlal
Ru
Sif Muna
Trog
Uskayaw
Vehumet
Wu Jian
Xom
Yredelemnul

Shops:
D:6 *   D:8 *


Innate Abilities, Weirdness & Mutations

You have a pair of horns on your head.
You are mostly covered in sharp spines.
You have an unusually large brain. (Int +2)
A meltable shield of frost defends you. (SH +4)


Message History

The gargoyle barely misses you.
The troll skeleton bites you but does no damage.
The troll skeleton claws you but does no damage.
You block the troll skeleton's attack.
You slash the gargoyle!
You headbutt the gargoyle, but do no damage.
The gargoyle is severely damaged.
The gargoyle hits you with a +3 mace.
* * * LOW HITPOINT WARNING * * *
Unknown command.
You hit the gargoyle.
You headbutt the gargoyle, but do no damage.
The gargoyle is almost destroyed.
The gargoyle hurls a stone arrow at you.
The stone arrow hits you but does no damage.
The troll skeleton closely misses you.
The troll skeleton claws you but does no damage.
The troll skeleton claws you!
* * * LOW HITPOINT WARNING * * *
You closely miss the gargoyle.
The gargoyle is almost destroyed.
You block the gargoyle's attack. You block the troll skeleton's attack.
The troll skeleton barely misses you.
The troll skeleton claws you but does no damage.
Unknown command.
You closely miss the gargoyle.
You headbutt the gargoyle, but do no damage.
The gargoyle is almost destroyed.
The gargoyle hurls a stone arrow at you.
The stone arrow hits you but does no damage.
You block the troll skeleton's attack.
The troll skeleton completely misses you.
The troll skeleton claws you but does no damage.
You barely miss the gargoyle.
The gargoyle is almost destroyed.
You block the gargoyle's attack.
You hit the gargoyle but do no damage.
The gargoyle is almost destroyed.
The gargoyle hits you with a +3 mace!
You die...

............#
..#.#####...# ....#
######+##
..#.#####...+...#
............#...#
....#####...# ..#
##.## #######'#
##.# +^.')'.9###
##.###########ZZ@)#
##...#...#...#'####
##...#...'...#))#
##...'...#...'.(#
#################


You could see a gargoyle and 2 troll skeletons.

Vanquished Creatures
  A two-headed ogre (D:9)
  Amaemon (D:8)
  2 skeletal warriors (Volcano)
  3 anaconda skeletons (Volcano)
  An ugly thing (D:9)
  Maurice (D:8)
  3 gargoyles (Volcano)
  An orange demon (D:8)
  An efreet (D:9)
  A komodo dragon (Lair:1)
  2 harpy skeletons (Volcano)
  5 blink frogs (Lair:1)
  3 flying skulls (Volcano)
  A shadow (D:9)
  9 yaks
  An alligator skeleton (Volcano)
  The ghost of Taurus the Covered, an amateur MiFi (D:4)
  2 fire bats (Lair:1)
  A basilisk (D:9)
  3 water moccasins (Lair:1)
  2 sky beasts
  An ice beast (D:6)
  3 orc warriors
  2 centaurs
  A phantom (D:3)
  6 kobold brigands
  A gnoll sergeant (D:8)
  6 bullfrogs
  A necrophage (D:6)
  4 scorpions
  14 wights
  9 killer bees
  3 troll skeletons (Volcano)
  6 howler monkeys
  2 hounds
  2 jellies
  9 orc priests
  A gnoll bouda (D:9)
  An iguana (D:6)
  13 orc wizards
  Terence (D:2)
  13 gnolls
  3 adders
  A shadow imp (D:6)
  3 ufetubi
  A worm (D:2)
  3 dart slugs
  35 orcs
  7 bats
  7 endoplasms
  2 giant cockroaches (D:1)
  5 goblins
  3 hobgoblins
  6 jackals (D:1)
  3 quokkas
  5 ball pythons
  4 frilled lizards
  21 kobolds
  5 rats
258 creatures vanquished.

Vanquished Creatures (others)
  2 kobolds (D:9)
  3 fungi
  15 plants
20 creatures vanquished.

Grand Total: 278 creatures vanquished

Notes
Turn   | Place    | Note
-------+----------+-------------------------------------------
     0 | D:1      | IdlyInterested the Demonspawn Wanderer began the quest for
                  | the Orb.
     0 | D:1      | IdlyInterested set off with the following items: a +0 hand
                  | axe, 2 scrolls of blinking, a potion of heal wounds, a +0
                  | scale mail.
     0 | D:1      | Reached XP level 1. HP: 15/15 MP: 1/1
   227 | D:1      | Gained mutation: You are partially covered in sharp spines.
                  | [demonic ancestry]
   227 | D:1      | Reached XP level 2. HP: 21/21 MP: 2/2
   274 | D:1      | Reached skill level 1 in Stealth
   530 | D:1      | Reached XP level 3. HP: 26/26 MP: 3/3
   545 | D:1      | Reached skill level 1 in Throwing
   760 | D:1      | Found a faded altar of an unknown god.
  1043 | D:2      | Reached skill level 1 in Shields
  1064 | D:2      | Identified the +3 scale mail of a bazaar {rPois Int+4}
  1077 | D:2      | Noticed Terence
  1094 | D:2      | Killed Terence
  1095 | D:2      | Reached XP level 4. HP: 27/32 MP: 4/4
  1600 | D:3      | Noticed a phantom
  1616 | D:3      | Killed a phantom
  1617 | D:3      | Gained mutation: You have a pair of small horns on your
                  | head. [demonic ancestry]
  1617 | D:3      | Reached XP level 5. HP: 29/38 MP: 5/5
  1811 | D:3      | Identified the +8 long sword "Wikoekki" {protect, rPois rC+
                  | Str-3 Int+4}
  2213 | D:3      | Found a bloodstained altar of Trog.
  2233 | D:3      | Found a hide-covered altar of Uskayaw.
  2540 | D:4      | You are sucked into a shaft and drop 1 floor!
  2540 | D:5      | Entered Level 5 of the Dungeon
  2633 | D:4      | Identified the +0 kite shield of Action {rPois rC+ SInv}
  2658 | D:4      | Reached skill level 1 in Spellcasting
  2804 | D:4      | Found a broken altar of Ashenzari.
  2926 | D:4      | Noticed Taurus's ghost (amateur MiFi)
  2929 | D:4      | Found a runed translucent door.
  3113 | D:4      | Found a staircase to the Ecumenical Temple.
  3121 | Temple   | Entered the Ecumenical Temple
  3274 | D:4      | Found an ancient bone altar of Kikubaaqudgha.
  3558 | D:4      | Killed Taurus's ghost
  3559 | D:4      | Reached XP level 6. HP: 36/47 MP: 7/7
  3804 | D:5      | Found an opulent altar of Gozag.
  4065 | D:5      | Reached skill level 5 in Axes
  4359 | D:5      | Gained mutation: You are mostly covered in sharp spines.
                  | [demonic ancestry]
  4359 | D:5      | Reached XP level 7. HP: 39/53 MP: 8/8
  4515 | D:5      | Reached skill level 1 in Long Blades
  4659 | D:6      | Reached skill level 2 in Long Blades
  4664 | D:6      | Reached skill level 3 in Long Blades
  4672 | D:6      | Gained mutation: A meltable shield of frost defends you.
                  | (SH +4) [demonic ancestry]
  4672 | D:6      | Reached XP level 8. HP: 18/60 MP: 9/9
  5053 | D:6      | Found Qyatist's Antique Weapon Boutique.
  5084 | D:6      | Found a shimmering blue altar of Sif Muna.
  5102 | D:6      | Gained mutation: You are occasionally teleported next to
                  | monsters. [potion of mutation]
  5102 | D:6      | Gained mutation: You have hidden genetic defects. [potion
                  | of mutation]
  5104 | D:6      | Lost mutation: You are occasionally teleported next to
                  | monsters. [potion of mutation]
  5104 | D:6      | Lost mutation: You have hidden genetic defects. [potion of
                  | mutation]
  5104 | D:6      | Gained mutation: You occasionally lose the ability to drink
                  | potions when taking damage. [potion of mutation]
  5104 | D:6      | Gained mutation: You passively dampen the noise of your
                  | surroundings. [potion of mutation]
  5135 | D:6      | Found Xoifogitt's Assorted Antiques.
  5155 | D:6      | Bought a scroll labelled VETWOCH PAZUCS for 23 gold pieces
  5330 | D:6      | Reached skill level 4 in Long Blades
  5449 | D:6      | Bought a potion of mutation for 184 gold pieces
  5450 | D:6      | Lost mutation: You passively dampen the noise of your
                  | surroundings. [potion of mutation]
  5450 | D:6      | Lost mutation: You occasionally lose the ability to drink
                  | potions when taking damage. [potion of mutation]
  5450 | D:6      | Gained mutation: Your spells are a little easier to cast,
                  | but a little less powerful. [potion of mutation]
  5518 | D:7      | Identified the +2 mace "Syeloo" {vamp, rN+}
  5573 | D:7      | Reached skill level 5 in Long Blades
  5582 | D:7      | Found a snail-covered altar of Cheibriados.
  5713 | D:7      | Reached skill level 5 in Fighting
  5737 | D:7      | Found a sparkling altar of Nemelex Xobeh.
  5748 | D:7      | Gained mutation: You have an unusually large brain. (Int
                  | +2) [demonic ancestry]
  5748 | D:7      | Reached XP level 9. HP: 68/68 MP: 10/10
  6181 | D:8      | Found Ceihutep's General Store.
  6189 | D:8      | Reached skill level 6 in Long Blades
  6307 | D:8      | Noticed Maurice
  6323 | D:8      | Killed Maurice
  6474 | D:8      | Reached skill level 7 in Long Blades
  6572 | D:8      | Noticed an orange demon
  6573 | D:8      | Noticed Amaemon
  6574 | D:8      | Identified the +6 rapier "Lont" {vorpal, Will+ Str+2}
  6581 | D:8      | Killed an orange demon
  6594 | D:8      | Killed Amaemon
  6595 | D:8      | Reached skill level 8 in Long Blades
  6595 | D:8      | Gained mutation: You have a pair of horns on your head.
                  | [demonic ancestry]
  6595 | D:8      | Reached XP level 10. HP: 53/80 MP: 11/11
  7032 | D:9      | Found a staircase to the Lair.
  7245 | D:9      | Reached skill level 5 in Armour
  7285 | D:9      | Noticed a red ugly thing
  7294 | D:9      | Killed a red ugly thing
  7295 | D:9      | Reached skill level 9 in Long Blades
  7589 | D:9      | Noticed a two-headed ogre
  7600 | D:9      | Killed a two-headed ogre
  8101 | D:9      | Lost mutation: Your spells are a little easier to cast, but
                  | a little less powerful. [potion of mutation]
  8101 | D:9      | Gained mutation: Your flesh is cold resistant. (rC+)
                  | [potion of mutation]
  8101 | D:9      | Lost mutation: Your flesh is cold resistant. (rC+) [potion
                  | of mutation]
  8142 | D:8      | Bought a potion of curing for 45 gold pieces
  8142 | D:8      | Bought a scroll of enchant weapon for 112 gold pieces
  8142 | D:8      | Bought a +0 ring mail of fire resistance for 165 gold
                  | pieces
  8142 | D:8      | Bought a scroll of enchant armour for 112 gold pieces
  8201 | Lair:1   | Entered Level 1 of the Lair of Beasts
  8228 | Lair:1   | Reached XP level 11. HP: 85/86 MP: 12/12
  8240 | Lair:1   | Reached skill level 10 in Long Blades
  8387 | Lair:1   | Found a dark tunnel.
  8396 | Volcano  | Entered a volcano
  8456 | Volcano  | Noticed a skeletal warrior
  8467 | Volcano  | Killed a skeletal warrior
  8475 | Volcano  | Reached skill level 11 in Long Blades
  8479 | Volcano  | Reached skill level 5 in Shields
  9010 | Volcano  | Noticed a skeletal warrior
  9023 | Volcano  | Killed a skeletal warrior
  9384 | Volcano  | Slain by a gargoyle

Illustrated notes

Levels and vault maps discovered:
D:1:      minmay_arrival_radiant_lines, layout_rooms, serial_aquarium,
          aquarium_bridge_long_separate [aquarium_subvault_wall,
          aquarium_subvault_bridge, aquarium_subvault_wall,
          aquarium_subvault_bridge, aquarium_subvault_bridge,
          aquarium_subvault_bridge], aquarium_window_2, aquarium_window_fake,
          aquarium_window_double, aquarium_view_2b, aquarium_view_2c,
          aquarium_balcony_double_1, aquarium_pool_1, basic_ecumenical_altar,
          minmay_misc_feat_secret_circle
D:2:      layout_basic, uniq_terence
D:3:      layout_basic, lightli_temple_of_fire, overflow_temple_1_default
D:4:      layout_basic, kennysheep_mini_moat, cheibrodos_ashenzari_chains,
          minmay_temple_entry_glassed_door, gammafunk_ghost_grave,
          nrook_mini_backslash, kennysheep_generic_room_13
D:5:      layout_basic, nicolae_gozag_seed_capital
D:6:      layout_rooms, mainiacjoe_overflow_brackets, serial_shops,
          nicolae_shop_window_shopping, shop
D:7:      layout_cave_pools, nicolae_overflow_crystal_walls,
          kennysheep_slug_shrine, hangedman_abyss_or_decor_slice
D:8:      layout_rooms, serial_shops, shop_coins, uniq_maurice, uniq_amaemon
D:9:      kennysheep_blocky_room, layout_gridville,
          grunt_lair_entry_orc_guard_hut
Temple:   nicolae_temple_two_arcs
Lair:1:   layout_regular_city, nicolae_volcano_entry_batcave,
          serial_bayou_lake_a
Volcano:  volcano_tomb [vts_chambers]

Skill      XL: |  1  2  3  4  5  6  7  8  9 10 11 |
---------------+----------------------------------+-----
Armour         | 2 4 6 8 |  8.0
Stealth        | 1 |  1.0
Axes           | 2 3 4 5 |  5.0
Throwing       | 1 |  1.0
Shields        | 1 2 4 6 |  6.2
Fighting       | 2 3 4 5 8 |  8.0
Spellcasting   | 1 |  1.0
Long Blades    | 3 5 8 9 11 | 11.7
Dodging        | 2 |  2.0
Unarmed Combat | |  1.7
Evocations     | |  2.0

Action                   |  1- 3 |  4- 6 |  7- 9 | 10-12 || total
-------------------------+-------+-------+-------+-------++-------
Melee: Hand axe          |    84 |    76 |       |       ||   160
       Long sword        |       |    14 |   196 |   276 ||   486
       Headbutt          |       |     9 |    41 |    76 ||   126
Throw: Boomerang         |       |       |     4 |       ||     4
  Use: Scroll            |       |     9 |     4 |     7 ||    20
       Potion            |       |       |     9 |     3 ||    12
 Stab: Invisible         |       |       |     2 |       ||     2
Armor: Scale mail        |    55 |    33 |   116 |    44 ||   248
       Ring mail         |       |       |       |    38 ||    38
Dodge: Dodged            |    50 |    32 |   176 |   157 ||   415
Block: Buckler           |    12 |    11 |       |       ||    23
       Kite shield       |       |    22 |   202 |   213 ||   437

Table legend: (Time is in decaauts)
 A = Elapsed time spent in this place.
 B = Non-inter-level travel time spent in this place.
 C = Inter-level travel time spent in this place.
 D = Time resting spent in this place.
 E = Time spent auto-exploring this place.
 F = Levels seen in this place.
 G = Mean time per level.
                   A        B        C        D        E       F      G
               +--------+--------+--------+--------+--------+-----+--------+
         Total |   9517 |   8742 |    775 |   1504 |   4408 |  12 |  793.1 |
       Dungeon |   8220 |   7480 |    740 |    965 |   4320 |   9 |  913.3 |
        Temple |    111 |     97 |     14 |      0 |     88 |   1 |  111.0 |
          Lair |    199 |    178 |     21 |      0 |      0 |   1 |  199.0 |
       Volcano |    985 |    985 |      0 |    539 |      0 |   1 |  985.0 |
               +--------+--------+--------+--------+--------+-----+--------+

Top non-repeatable levels by time:
     D:9: 1262 daAuts
     D:5: 1166 daAuts
     D:4: 1131 daAuts
 Volcano: 985 daAuts
     D:3: 978 daAuts
     D:1: 973 daAuts
     D:8: 783 daAuts
     D:7: 706 daAuts
     D:2: 631 daAuts
     D:6: 586 daAuts
  Lair:1: 199 daAuts
  Temple: 111 daAuts
